 Dungeon Crawl Stone Soup version 0.21-a0-142-gdd972a7 (webtiles) character file.

993 AverageBear the Slicer (level 7, -10/40 HPs)
             Began as a Deep Elf Fighter on July 23, 2017.
             Mangled by Duvessa
             ... wielding a +0 short sword
              (11 damage)
             ... on level 5 of the Dungeon.
             The game lasted 00:04:41 (4319 turns).

AverageBear the Slicer (Deep Elf Fighter)           Turns: 4319, Time: 00:04:41

Health: -10/40     AC: 13    Str: 15    XL:     7   Next: 98%
Magic:  9/9        EV:  9    Int: 13    God:
Gold:   168        SH:  8    Dex: 14    Spells: 6/6 levels left

rFire    . . .     SeeInvis .   a - +0 rapier
rCold    . . .     Gourm    .   c - +0 shield
rNeg     . . .     Faith    +   b - +0 scale mail
rPois    +         Spirit   .   d - +0 helmet
rElec    .         Reflect  .   q - +0 cloak
rCorr    .         Harm     .   l - +1 pair of gloves
MR       .....                  s - +1 pair of boots
Stlth    ..........             t - amulet of faith
HPRegen  0.13/turn              v - ring of poison resistance
MPRegen  0.11/turn              (no ring)

@: no status effects
A: no striking features
a: no special abilities


You were on level 5 of the Dungeon.
You were hungry.

You visited 1 branch of the dungeon, and saw 5 of its levels.

You collected 168 gold pieces.

Inventory:

Hand Weapons
 a - a +0 rapier (weapon)
Armour
 b - a +0 scale mail (worn)
 c - a +0 shield (worn)
 d - a +0 helmet (worn)
 e - a +0 pair of gloves
 l - a +1 pair of gloves (worn)
 q - a +0 cloak (worn)
 s - a +1 pair of boots (worn)
Jewellery
 t - an amulet of faith (around neck)
 v - a ring of poison resistance (left hand)
Wands
 u - a wand of random effects (20/48)
Scrolls
 k - 2 scrolls of teleportation
 n - 3 scrolls of identify
 o - a scroll of recharging
 r - 2 scrolls of amnesia
 w - a scroll of remove curse
Potions
 p - a potion of haste
 x - a potion of resistance {unknown}
Books
 g - a book of Callings

   Spells                             Type                      Level
   a - Summon Small Mammal            Summoning                    1
   b - Call Imp                       Summoning                    2
   c - Call Canine Familiar           Summoning                    3
   d - Summon Guardian Golem          Hexes/Summoning              3
   e - Summon Lightning Spire         Summoning/Air                4
   f - Summon Ice Beast               Ice/Summoning                4
Comestibles
 f - 2 bread rations
 h - 2 meat rations
 i - 4 royal jellies
 j - 2 chunks of flesh
 m - a fruit


   Skills:
 - Level 2.4 Fighting
 + Level 8.3 Short Blades
 - Level 2.4 Armour
 - Level 5.0 Dodging
 - Level 2.4 Shields


You had 6 spell levels left.
You didn't know any spells.

Dungeon Overview and Level Annotations

Branches:
Dungeon (5/15)
 Temple: D:4-7

Altars:
Elyvilon
Gozag
Nemelex Xobeh
Xom

Annotations:
D:5 Duvessa


Message History

You block the puff of flame.
You hit Duvessa.
Duvessa is heavily wounded.
Duvessa says, "When magic and the sword combine, nothing stands against them."
Duvessa hits you with a short sword.
* * * LOW HITPOINT WARNING * * *
Dowan hits you but does no damage.
You hit Dowan but do no damage.
Dowan is almost dead.
You hit Dowan but do no damage.
Dowan is almost dead.
You block Duvessa's attack. Dowan hits you but does no damage.
You are feeling hungry.
You hit Dowan.
You kill Dowan!
Duvessa weeps, then rights herself and shakes her weapon.
Duvessa goes berserk!
Duvessa hits you with a short sword.
* * * LOW HITPOINT WARNING * * *
Duvessa hits you with a short sword!
You die...

...#
#########...#
#...........# #
#..........# ..
#..........#
...
#.........##>..
#.............
#.........#
#...@e..?.#
#........<#
#.........#
###########


You could see Duvessa (berserk).

Vanquished Creatures
  Sigmund (D:2)
  The ghost of Firecrotchwizard the Chopper, an amateur MiBe of Trog (D:4)
  An ogre (D:4)
  The ghost of AverageBear the Cutter, an amateur DEFi (D:3)
  A bullfrog (D:3)
  Dowan (D:5)
  An orc priest (D:4)
  Crazy Yiuf (D:3)
  2 orc wizards (D:4)
  Jessica (D:2)
  Natasha (twice) (D:3)
  2 worker ants (D:4)
  Robin (D:3)
  7 adders
  A shadow imp (D:4)
  An ooze (D:3)
  2 worms
  2 dart slugs
  2 leopard geckos
  7 orcs
  3 giant cockroaches
  14 goblins
  12 hobgoblins
  7 jackals
  2 quokkas
  3 ball pythons
  12 bats
  2 frilled lizards
  5 kobolds
  12 rats
110 creatures vanquished.

Notes
Turn   | Place    | Note
-------+----------+-------------------------------------------
     0 | D:1      | AverageBear the Deep Elf Fighter began the quest for the Orb.
     0 | D:1      | Reached XP level 1. HP: 13/13 MP: 3/3
   274 | D:1      | Reached XP level 2. HP: 7/18 MP: 4/4
   491 | D:1      | Reached skill level 3 in Short Blades
  1272 | D:2      | Found a shimmering altar of Xom.
  1275 | D:2      | Noticed Jessica
  1282 | D:2      | Killed Jessica
  1282 | D:2      | Reached skill level 4 in Short Blades
  1282 | D:2      | Reached XP level 3. HP: 18/22 MP: 5/5
  1429 | D:2      | Found an opulent altar of Gozag.
  1432 | D:2      | Found a sparkling altar of Nemelex Xobeh.
  1858 | D:2      | Reached XP level 4. HP: 26/27 MP: 6/6
  2056 | D:2      | Noticed Sigmund
  2064 | D:2      | Killed Sigmund
  2064 | D:2      | Reached skill level 6 in Short Blades
  2064 | D:2      | Reached XP level 5. HP: 31/31 MP: 7/7
  2159 | D:3      | Noticed Robin
  2184 | D:3      | Reached skill level 1 in Dodging
  2200 | D:3      | Killed Robin
  2274 | D:3      | Noticed AverageBear's ghost (amateur DEFi)
  2305 | D:3      | Reached XP level 6. HP: 24/36 MP: 8/8
  2306 | D:3      | Killed AverageBear's ghost
  2321 | D:3      | Found a white marble altar of Elyvilon.
  2501 | D:3      | Noticed Natasha
  2509 | D:3      | Killed Natasha
  3036 | D:3      | Noticed Natasha
  3047 | D:3      | Killed Natasha
  3047 | D:3      | Reached skill level 5 in Dodging
  3121 | D:3      | Found a runed door.
  3126 | D:3      | Noticed Crazy Yiuf
  3131 | D:3      | Killed Crazy Yiuf
  3131 | D:3      | Reached XP level 7. HP: 36/40 MP: 9/9
  3470 | D:4      | Reached skill level 7 in Short Blades
  3769 | D:4      | Noticed Firecrotchwizard's ghost (amateur MiBe)
  3803 | D:4      | Killed Firecrotchwizard's ghost
  4014 | D:4      | Reached skill level 8 in Short Blades
  4286 | D:5      | Entered Level 5 of the Dungeon
  4286 | D:5      | Noticed Duvessa
  4286 | D:5      | Noticed Dowan
  4318 | D:5      | Killed Dowan
  4318 | D:5      | HP: 1/40 [Duvessa/short sword (5)]
  4319 | D:5      | Mangled by Duvessa

Vault maps used:
D:1:      erik_arrival_cave_to_civilisation, minmay_misc_feat_plants,
          hangedman_decor_lopped
D:2:      brannock_xom_greatest_gift, grunt_temple_overflow_opulence,
          uniq_sigmund, uniq_jessica
D:3:      overflow_temple_1_default, uniq_crazy_yiuf_cottage, uniq_robin,
          uniq_natasha
D:5:      first_bread, chequers_ossuary_entry_cave, grunt_ministairs_10,
          nrook_loot_triangle, uniq_duvessa

Skill      XL: |  1  2  3  4  5  6  7 |
---------------+----------------------+-----
Short Blades   | 4 6 8 |  8.3
Dodging        | 1 5 |  5.0
Fighting       | |  2.4
Armour         | |  2.4
Shields        | |  2.4

Action                   |  1- 3 |  4- 6 |  7- 9 || total
-------------------------+-------+-------+-------++-------
Melee: Rapier            |   123 |   176 |   182 ||   481
  Use: Scroll            |     1 |     3 |     4 ||     8
       Potion            |       |     5 |     2 ||     7
 Stab: Invisible         |       |       |     6 ||     6
  Eat: Chunk             |     3 |     4 |     4 ||    11
Armor: Scale mail        |    72 |    57 |    63 ||   192
       Skin              |       |    51 |       ||    51
Dodge: Dodged            |    33 |    56 |    45 ||   134
Block: Shield            |    55 |    71 |    67 ||   193
